 Dungeon Crawl Stone Soup version 0.31-a0-1589-g8f5e8aebd6 (webtiles) character file.

Game seed: 5692822605600838393

3 Arex the Trooper (level 1, 0/21 HPs)
             Began as a Naga Fighter on Jan 5, 2024.
             Slain by a gnoll
             ... wielding a +0 spear
              (7 damage)
             ... on level 1 of the Dungeon.
             The game lasted 00:00:07 (34 turns).

Arex the Trooper (Naga Fighter)                       Turns: 34, Time: 00:00:08

Health: 0/21       AC:  3    Str: 18    XL:     1   Next: 50%
Magic:  1/1        EV:  7    Int:  8    God:
Gold:   0          SH:  4    Dex: 10    Spells: 0/0 levels left

rFire   . . .        a - +0 war axe
rCold   . . .        c - +0 buckler
rNeg    . . .        b - +0 scale mail
rPois   +            (no helmet)
rElec   .            (no cloak)
rCorr   .            (no gloves)
SInv    +            (no barding)
Will    .....        (no amulet) Stlth
                     (no ring)
HPRegen 0.23/turn    (no ring)
MPRegen 0.07/turn

%: no passive effects
@: very slow
A: AC +0, large, see invisible, deformed body, poison resistance, slowness 2,
spit poison 1, naga tail 1
a: Spit Poison


You were on level 1 of the Dungeon.
You visited 1 branch of the dungeon, and saw 1 of its levels.

Inventory:

Hand Weapons
 a - a +0 war axe (weapon)
Armour
 b - a +0 scale mail (worn)
 c - a +0 buckler (worn)
Potions
 d - a potion of might


   Skills:
 + Level 3.0 Fighting
 + Level 2.1 Axes
 + Level 2.4 Armour
 + Level 2.7 Shields


You couldn't memorise any spells.
You didn't know any spells.
Your spell library was empty.

Dungeon Overview and Level Annotations

Branches:
Dungeon (1/15)

Altars:


Innate Abilities, Weirdness & Mutations

Your serpentine skin is tough. (AC +0)
You have supernaturally acute eyesight. (SInv)
Armour fits poorly on your strangely shaped body.
Your system is resistant to poisons. (rPois)
You cover ground very slowly.
You can spit poison.
You have a snake-like lower body.


Message History

You are too injured to fight recklessly!
You are too injured to fight recklessly!
You are too injured to fight recklessly!
You are too injured to fight recklessly!
You are too injured to fight recklessly!
You are too injured to fight recklessly!
Aiming: Spit Poison (3% risk of failure)
Press: ? - help, Shift-Dir - straight line, f - gnoll
Aim: a gnoll, wielding a +0 spear (59% to hit)
The splash of poison misses the gnoll.
The gnoll hits you from afar with a +0 spear.
Unknown command.
The gnoll attacks as it pursues you! The gnoll closely misses you.
The ball python bites you but does no damage.
You have got your breath back.
You block the ball python's attack.
The rat twitches its whiskers.
The ball python closely misses you. The gnoll attacks as it pursues you!
The gnoll hits you from afar with a +0 spear.
You barely miss the ball python. The ball python closely misses you.
You block the gnoll's attack. The ball python bites you.
Aiming: Spit Poison (3% risk of failure)
Press: ? - help, Shift-Dir - straight line, f/p - gnoll
Aim: a gnoll, wielding a +0 spear (59% to hit)
The splash of poison hits the ball python!
The ball python is poisoned.
You kill the ball python!
You block the gnoll's attack. The gnoll barely misses you.
The rat twitches its whiskers.
The gnoll hits you with a +0 spear.
* * * LOW HITPOINT WARNING * * *
You slash the gnoll!
The gnoll is severely wounded.
The gnoll completely misses you.
You barely miss the gnoll.
The gnoll is severely wounded.
You have got your breath back.
The gnoll hits you with a +0 spear!
You die...

#### ##♣≈≈≈##
#..♣~≈≈#
###..♣♣♣#####
#<......'...##
###..♣♣♣###..#
#>.♣≈≈≈# ##.#
##♣≈≈≈## #.#
#### #@# #g#
#r#####...
#..)r.....
#..†......
#.........
#..)......
#.........
#.........


You could see a gnoll and a rat.

Vanquished Creatures
  A goblin (D:1)
  A hobgoblin (D:1)
  A ball python (D:1)
3 creatures vanquished.

Notes
Turn   | Place    | Note
-------+----------+-------------------------------------------
     0 | D:1      | Arex the Naga Fighter began the quest for the Orb.
     0 | D:1      | Reached XP level 1. HP: 21/21 MP: 1/1
    34 | D:1      | Slain by a gnoll

Illustrated notes

Levels and vault maps discovered:
D:1:      saegor_arrival_simple_d, layout_rooms, grunt_decor_one_mirror

Action                     || total
---------------------------++-------
  Melee: War axe           ||     6
Ability: Spit Poison       ||     2
 Armour: Scale mail        ||    11
  Dodge: Dodged            ||     6
  Block: Buckler           ||     3

Table legend: (Time is in decaauts)
 A = Elapsed time spent in this place.
 B = Non-inter-level travel time spent in this place.
 C = Inter-level travel time spent in this place.
 D = Time resting spent in this place.
 E = Time spent auto-exploring this place.
 F = Levels seen in this place.
 G = Mean time per level.
                   A        B        C        D        E       F      G
               +--------+--------+--------+--------+--------+-----+--------+
         Total |     46 |     46 |      0 |      0 |     23 |   1 |   46.0 |
       Dungeon |     46 |     46 |      0 |      0 |     23 |   1 |   46.0 |
               +--------+--------+--------+--------+--------+-----+--------+

Top non-repeatable levels by time:
     D:1: 46 daAuts
